 Dungeon Crawl Stone Soup version 0.24.1-4-ge52af88ad5 (webtiles) character file.

Game seed: 1410972676918431414, levelgen mode: deterministic

721 lepoulpe303 the Sneak (level 7, 0/35 HPs)
             Began as a Spriggan Assassin on Apr 20, 2020.
             Was an Initiate of Dithmenos.
             Killed by divine providence
             ... invoked by an orc priest
              (15 damage)
             ... on level 5 of the Dungeon.
             The game lasted 00:19:36 (6299 turns).

lepoulpe303 the Sneak (Spriggan Assassin)           Turns: 6299, Time: 00:19:37

Health: 0/35       AC:  3    Str:  7    XL:     7   Next: 42%
Magic:  9/9        EV: 20    Int: 19    God:    Dithmenos [......]
Gold:   339        SH:  0    Dex: 17    Spells: 6/6 levels left

rFire    . . .     SeeInvis +   a - +5 short sword (venom)
rCold    . . .     Gourm    .   (shield restricted)
rNeg     . . .     Faith    .   z - +0 robe
rPois    .         Spirit   .   (helmet restricted)
rElec    .         Reflect  .   c - +0 cloak
rCorr    .         Harm     .   (gloves unavailable)
MR       +....                  (boots unavailable)
Stlth    ++++......             (no amulet)
HPRegen  0.11/turn              v - +4 ring of intelligence
MPRegen  0.11/turn              (no ring)

@: very quick
A: very small, unfitting armour, see invisible, herbivore, speed 3, slow
metabolism 2
a: Renounce Religion


You were on level 5 of the Dungeon.
You worshipped Dithmenos.
Dithmenos was noncommittal.
You were hungry.

You visited 2 branches of the dungeon, and saw 6 of its levels.

You collected 339 gold pieces.

Inventory:

Hand Weapons
 a - a +5 short sword of venom (weapon)
 b - a +0 rapier
Missiles
 d - 26 poisoned darts (quivered)
 f - 2 curare-tipped darts
Armour
 c - a +0 cloak (worn)
 z - a +0 robe (worn)
Jewellery
 v - a +4 ring of intelligence (left hand)
 y - an uncursed ring of fire {rF+, rC-}
 B - an uncursed amulet of the acrobat {unknown}
Scrolls
 g - a scroll of fear
 i - 2 scrolls of identify
 k - a scroll of random uselessness {unknown}
 l - a scroll of magic mapping {unknown}
 o - a scroll of amnesia {unknown}
 q - a scroll of immolation {!r}
 r - a scroll of fog {unknown}
 s - a scroll of enchant armour {unknown}
 t - a scroll of teleportation
 w - 2 scrolls of remove curse
Potions
 h - 2 potions of curing {unknown}
 j - a potion of might {unknown}
 m - a potion of heal wounds {unknown}
 n - a potion of flight {unknown}
 p - a potion of resistance {unknown}
 u - a potion of brilliance {unknown}
 x - a potion of ambrosia {unknown}
 A - a potion of agility {unknown}
Comestibles
 e - 4 rations


   Skills:
 + Level 2.8 Fighting
 * Level 5.1 Short Blades
 * Level 4.7 Throwing
 + Level 4.6 Dodging
 + Level 7.3 Stealth
 * Level 1.4 Invocations


You had 6 spell levels left.
You didn't know any spells.
Your spell library was empty.

Dungeon Overview and Level Annotations

Branches:
Dungeon (5/15)             Temple (1/1) D:4

Altars:
Ashenzari
Cheibriados
Dithmenos
Fedhas
Gozag
Hepliaklqana
Kikubaaqudgha
Makhleb
Nemelex Xobeh
Okawaru
Qazlal
Ru
Sif Muna
Trog
Uskayaw
Vehumet
Wu Jian
Xom
Yredelemnul
Zin
The Shining One


Innate Abilities, Weirdness & Mutations

You are very small and have problems with some larger weapons.
You are too small for most types of armour.
You have supernaturally acute eyesight. (SInv)
You are a herbivore.
You cover ground extremely quickly.
You need to consume almost no food.


Message History

You catch the helpless leopard gecko zombie completely off-guard!
You impale the leopard gecko zombie!!
You destroy the leopard gecko zombie!
Throwing (i - inventory)
d - 27 poisoned darts (quivered)
Aim: an orc priest, wielding a +0 dagger You throw a poisoned dart.
The poisoned dart barely misses the orc priest.
The orc priest invokes the aid of Beogh against you.
Beogh smites you!
* * * LOW HITPOINT WARNING * * *
You take 14 damage, and have 13/35 hp.
MASSIVE DAMAGE!!
You hit the bush but do no damage. You puncture the bush! You hit the bush.
The bush is poisoned.
The orc priest shouts!
The orc wizard misses you.
The orc priest calls down the wrath of Beogh upon you.
Beogh smites you!
You die...

.....###......# #..........
.....#......#####..........
....).)..#..# ##..PPPP.P...
.......###..###..PP###P♣♣♣.
......###..###...P## .....##
#..#.....P# .. o#####
##......o..## #. # .##
##.).........###.♣P ♣. .. .
..## ##.(o......@...P♣.P♣P....
#
#..###.(..............PPP.♣..#
#..##..######....<..P....P...#
##.>(...## ##.......P.⌠..P..#
..(......# #......P....PP..#
.##.......#
##.....P.PPP.P..####
Z...........
##.....P.P♣.......(
.............
##................
(PPP...PPP...
##...............


You could see an orc priest and an orc wizard (invisible).

Levels and vault maps discovered:
D:1:      minmay_arrival_four_houses, layout_loops_ring, minmay_quantized
D:2:      minmay_chambers_of_ones, layout_loops_cross, first_ration,
          minmay_pentomino_x2, uniq_natasha
D:3:      layout_basic, uniq_jessica, uniq_robin, uniq_sigmund
D:4:      layout_cave_pods, minmay_temple_entry_waves,
          hangedman_abyss_or_decor_lesser_grid, uniq_crazy_yiuf_cottage
D:5:      layout_cave_pods, serial_park, serial_park_tiny_pond,
          serial_park_square2, serial_park_gazebo [serial_park_minivault_5x5_7],
          serial_park_tiny_1
Temple:   kilobyte_greek_temple

Notes
Turn   | Place    | Note
-------+----------+-------------------------------------------
     0 | D:1      | lepoulpe303 the Spriggan Assassin began the quest for the
                  | Orb.
     0 | D:1      | Reached XP level 1. HP: 10/10 MP: 2/2
    44 | D:1      | Identified a +0 club
    83 | D:1      | Reached XP level 2. HP: 5/14 MP: 3/3
   330 | D:1      | Identified a +0 club
   331 | D:1      | Identified a +0 dagger
   333 | D:1      | Reached skill level 2 in Dodging
   530 | D:1      | Identified a +0 club
   530 | D:1      | Identified a +0 club
   549 | D:1      | HP: 3/15 [kobold/+0 club (3)]
   550 | D:1      | HP: 1/15 [kobold/+0 club (2)]
   571 | D:1      | Reached skill level 6 in Stealth
   982 | D:1      | Identified a +0 club
  1053 | D:1      | Identified a +0 dagger
  1302 | D:1      | Reached XP level 3. HP: 16/18 MP: 4/4
  1424 | D:2      | Reached skill level 3 in Short Blades
  1614 | D:2      | Identified a +0 whip
  1699 | D:2      | Identified a cursed +0 club
  1747 | D:2      | Identified a +0 club
  1863 | D:2      | Reached XP level 4. HP: 12/23 MP: 5/5
  1909 | D:2      | Identified a +0 whip
  1922 | D:2      | Identified a +0 whip
  1955 | D:2      | HP: 5/23 [poisoned by an adder]
  2354 | D:2      | Noticed Natasha
  2355 | D:2      | Identified a +0 short sword
  2385 | D:2      | Killed Natasha
  2385 | D:2      | Reached skill level 2 in Fighting
  2385 | D:2      | Reached skill level 3 in Throwing
  2385 | D:2      | Reached skill level 3 in Dodging
  2863 | D:3      | Identified a +0 robe
  2863 | D:3      | Noticed Jessica
  2875 | D:3      | Killed Jessica
  2875 | D:3      | Reached XP level 5. HP: 16/26 MP: 6/6
  3098 | D:3      | Identified a +0 club
  3117 | D:3      | Identified 4 scrolls of identify
  3117 | D:3      | Identified a +2 dagger of venom (You found it on level 3 of
                  | the Dungeon)
  3120 | D:3      | Identified a ring of dexterity (You found it on level 2 of
                  | the Dungeon)
  3264 | D:3      | Identified a +0 hand axe
  3264 | D:3      | Identified a +0 leather armour
  3264 | D:3      | Identified an uncursed ring of fire
  3370 | D:3      | Identified a +0 scythe
  3370 | D:3      | Identified a +0 robe
  3370 | D:3      | Noticed Sigmund
  3394 | D:3      | Killed Sigmund
  3394 | D:3      | Reached skill level 4 in Short Blades
  3394 | D:3      | Reached XP level 6. HP: 23/32 MP: 7/7
  3556 | D:3      | Identified a +0 dagger
  3560 | D:3      | Identified a +0 dagger
  3560 | D:3      | Identified a +0 animal skin
  3560 | D:3      | Identified a +0 helmet
  3560 | D:3      | Noticed Robin
  3561 | D:3      | Identified a +0 club
  3561 | D:3      | Identified a cursed -3 club
  3570 | D:3      | Identified a +0 dagger
  3573 | D:3      | Identified a +0 club
  3578 | D:3      | Identified a +2 dagger of venom
  3611 | D:3      | HP: 8/32 [poisoned by a goblin]
  3616 | D:3      | HP: 7/32 [poisoned by a goblin]
  3622 | D:3      | HP: 5/32 [poisoned by a goblin]
  3627 | D:3      | HP: 4/32 [poisoned by a goblin]
  3632 | D:3      | HP: 4/32 [poisoned by a goblin]
  3638 | D:3      | HP: 3/32 [poisoned by a goblin]
  3645 | D:3      | HP: 2/32 [poisoned by a goblin]
  3652 | D:3      | HP: 2/32 [poisoned by a goblin]
  3668 | D:3      | Reached skill level 4 in Throwing
  3676 | D:3      | Identified 2 scrolls of immolation
  3677 | D:3      | Identified 2 scrolls of teleportation
  3732 | D:3      | Killed Robin
  3732 | D:3      | Reached skill level 4 in Dodging
  4547 | D:4      | Identified a +0 flail
  4547 | D:4      | Identified a +0 short sword
  4547 | D:4      | Identified a +0 mace
  4588 | D:4      | Identified a +0 mace
  4588 | D:4      | Identified a +0 scale mail
  4588 | D:4      | Identified a cursed -1 short sword
  4588 | D:4      | Identified a +0 leather armour
  4599 | D:4      | Identified a +0 leather armour
  4607 | D:4      | Identified a +0 giant club
  4618 | D:4      | Reached skill level 7 in Stealth
  4701 | D:4      | Found a staircase to the Ecumenical Temple.
  4710 | Temple   | Entered the Ecumenical Temple
  4807 | Temple   | Became a worshipper of Dithmenos the Shadowed
  4993 | D:4      | Reached XP level 7. HP: 35/35 MP: 8/8
  4994 | D:4      | Identified 3 scrolls of remove curse
  4995 | D:4      | Identified a +0 rapier (You found it on level 3 of the
                  | Dungeon)
  4997 | D:4      | Identified 2 scrolls of fear
  5047 | D:4      | Identified a +0 hand axe
  5048 | D:4      | Identified a +0 dagger
  5048 | D:4      | Identified a +0 robe
  5050 | D:4      | Identified a +0 chain mail
  5050 | D:4      | Identified a +0 club
  5050 | D:4      | Identified a +0 ring mail
  5292 | D:4      | Reached skill level 5 in Short Blades
  5292 | D:4      | Reached skill level 1 in Invocations
  5502 | D:4      | Identified a scroll of enchant weapon
  5503 | D:4      | Identified a +4 short sword of venom (You found it on level
                  | 4 of the Dungeon)
  5505 | D:4      | Identified a ring of intelligence (You found it on level 3
                  | of the Dungeon)
  5591 | D:4      | Found a runed translucent door.
  5593 | D:4      | Identified a +4 quarterstaff of chaos
  5593 | D:4      | Identified a +0 cloak
  5593 | D:4      | Noticed Crazy Yiuf
  5605 | D:4      | Killed Crazy Yiuf
  5942 | D:5      | Entered Level 5 of the Dungeon
  6156 | D:5      | Identified a +0 club
  6156 | D:5      | Identified a cursed -1 club
  6156 | D:5      | Identified a +0 ring mail
  6157 | D:5      | Identified a +0 dagger
  6157 | D:5      | Identified a cursed +0 flail
  6198 | D:5      | Identified a +0 dagger
  6198 | D:5      | Identified a +0 robe
  6228 | D:5      | Identified a +0 flail
  6299 | D:5      | Killed from afar by an orc priest

Table legend:
 A = Turns spent in this place as a percentage of turns spent in the entire game.
 B = Non-inter-level travel turns spent in this place as a percentage of non-inter-level travel turns spent in the entire game.
 C = Inter-level travel turns spent in this place as a percentage of turns spent in this place.
 D = Turns resting spent in this place as a percentage of non-inter-level travel turns spent in this place.
 E = Turns spent auto-exploring this place as a percentage of non-inter-level travel turns spent in this place.
 F = Non-inter-level travel turns spent in this place divided by the number of levels of this place that you've seen.
                   A       B       C       D       E      F
               +-------+-------+-------+-------+-------+----------------------
         Total | 100.0 | 100.0 |   5.2 |  27.1 |  49.4 | 995.2
       Dungeon |  96.7 |  97.3 |   4.6 |  27.8 |  48.3 | 1162.4
        Temple |   3.3 |   2.7 |  22.8 |   0.0 |  89.9 | 159.0
               +-------+-------+-------+-------+-------+----------------------

Table legend:
 A = Kills in this place as a percentage of kills in entire the game.
 B = Kills by you in this place as a percentage of kills by you in the entire game.
 C = Kills by friends in this place as a percentage of kills by friends in the entire game.
 D = Other kills in this place as a percentage of other kills in the entire game.
 E = Experience gained in this place as a percentage of experience gained in the entire game.
 F = Experience gained in this place divided by the number of levels of this place that you have seen.
                   A       B       C       D       E      F
               +-------+-------+-------+-------+-------+----------------------
         Total | 100.0 | 100.0 |   N/A |   N/A | 100.0 | 171.7
       Dungeon | 100.0 | 100.0 |   N/A |   N/A | 100.0 | 206.0
               +-------+-------+-------+-------+-------+----------------------

Skill      XL: |  1  2  3  4  5  6  7 |
---------------+----------------------+-----
Dodging        | 2 3 4 |  4.6
Stealth        | 6 7 |  7.3
Short Blades   | 3 4 5 |  5.1
Fighting       | 2 |  2.8
Throwing       | 3 4 |  4.7
Invocations    | 1 |  1.4

Action                   |  1- 3 |  4- 6 |  7- 9 || total
-------------------------+-------+-------+-------++-------
Melee: Dagger            |   131 |   122 |    23 ||   276
       Short sword       |       |       |    24 ||    24
       Rapier            |       |       |    13 ||    13
Throw: Dart              |    20 |    54 |     9 ||    83
  Use: Scroll            |       |     4 |     5 ||     9
 Stab: Sleeping          |    11 |     7 |     2 ||    20
       Distracted        |       |     1 |     1 ||     2
  Eat: Ration            |       |     1 |       ||     1
Armor: Robe              |    18 |    16 |     2 ||    36
Dodge: Dodged            |    95 |    87 |    38 ||   220

Vanquished Creatures
  Sigmund (D:3)
  An ogre (D:4)
  A scorpion (D:4)
  A centaur skeleton (D:4)
  A hound (D:5)
  An orc priest (D:5)
  An orc wizard (D:4)
  Crazy Yiuf (D:4)
  Jessica (D:3)
  Natasha (D:2)
  A howler monkey zombie (D:5)
  Robin (D:3)
  10 adders
  2 worms
  4 leopard geckos
  14 orcs
  7 giant cockroaches
  10 hobgoblins
  5 jackals (D:2)
  6 kobolds
  2 quokkas (D:4)
  A ball python (D:1)
  10 bats
  5 frilled lizards
  16 goblins
  A leopard gecko zombie (D:5)
  9 rats
114 creatures vanquished.
